 Dungeon Crawl Stone Soup version 0.18-a0-1293-g5a2c81a (webtiles) character file.

11 ololoev the Magician (level 2, 0/15 HPs)
             Began as a Deep Elf Fire Elementalist on Feb 10, 2016.
             Slain by a goblin (3 damage)
             ... on level 1 of the Dungeon.
             The game lasted 00:01:01 (134 turns).

ololoev the Magician (Deep Elf Fire Elementalist)    Turns: 134, Time: 00:01:01

Health: 0/15       AC:  2    Str:  5    XL:     2   Next: 17%
Magic:  0/8        EV: 13    Int: 19    God:
Gold:   21         SH:  0    Dex: 15    Spells: 1 memorised, 6 levels left

rFire  . . .     SeeInvis .     (no weapon)
rCold  . . .     Gourm    .     a - +0 robe
rNeg   . . .     Faith    .     (no shield)
rPois  .         Spirit   .     (no helmet)
rElec  .         Dismiss  .     (no cloak)
rCorr  .         Reflect  .     (no gloves)
SustAt .         Harm     .     (no boots)
MR     .....                    (no amulet)
Stlth  ++........               (no ring)
                                (no ring)

@: not resistant to hostile enchantments, unstealthy
A: no striking features
a: no special abilities

Inventory:

Armour
 a - a +0 robe (worn)
 f - a +1 hat
Scrolls
 e - a scroll of remove curse {unknown}
Potions
 d - a potion of heal wounds {unknown}
Books
 b - a book of Flames

   Spells                             Type                      Level
   a - Flame Tongue                   Conjuration/Fire             1
   b - Throw Flame                    Conjuration/Fire             2
   c - Conjure Flame                  Conjuration/Fire             3
   d - Inner Flame                    Hexes/Fire                   3
   e - Sticky Flame                   Conjuration/Fire             4
   f - Fireball                       Conjuration/Fire             5
Comestibles
 c - a bread ration


   Skills:
 - Level 2.4 Dodging
 - Level 2.4 Stealth
 + Level 3.4 Spellcasting
 * Level 1.9 Conjurations
 + Level 3.4 Fire Magic


You had 6 spell levels left.
You knew the following spells:

 Your Spells              Type           Power        Failure   Level  Hunger
a - Flame Tongue          Conj/Fire      ##...        6%          1    None


You were on level 1 of the Dungeon.
You were not hungry.

You visited 1 branch of the dungeon, and saw 2 of its levels.

You collected 21 gold pieces.

.. ### #.. .. ..#
### # . ###. #.####
. .. #...####....# #
#.#...#.......#
##.......##....#
........###.#.###
##.##.....g.....####
###.##@##†.....#
#......##..###.#
#......##..#
#......###.###.#
#......###.....#
#.......†....###
###########..# .##
.#

Notes
Turn   | Place    | Note
--------------------------------------------------------------
     0 | D:1      | ololoev the Deep Elf Fire Elementalist began the quest for the Orb.
     0 | D:1      | Reached XP level 1. HP: 10/10 MP: 6/6
    89 | D:1      | Reached XP level 2. HP: 13/15 MP: 0/8
   134 | D:1      | Slain by a goblin

Dungeon Overview and Level Annotations

Branches:
Dungeon (2/15)

Altars:


Message History

Press: ? - help, Shift-Dir - straight line, f/p - giant gecko
Aim: a giant gecko (heavily wounded, clinging)
The flame tongue misses the giant gecko.
The flame tongue hits the giant newt.
You kill the giant newt!
The giant gecko bites you.
A goblin comes into view.
The goblin shouts!
The giant gecko closely misses you.
You hit the giant gecko.
The giant gecko is severely wounded.
The giant gecko bites you.
You hit the giant gecko.
You kill the giant gecko!
Casting: Flame Tongue
Confirm with . or Enter, or press ? or * to list all spells.
Aiming: Flame Tongue
Press: ? - help, Shift-Dir - straight line, f - goblin
Aim: a goblin The flame tongue misses the goblin.
The goblin closely misses you.
You see here an embroidered hat.
f - an embroidered hat The goblin hits you.
The goblin hits you.
Casting: Flame Tongue
Confirm with . or Enter, or press ? or * to list all spells.
Aiming: Flame Tongue
Press: ? - help, Shift-Dir - straight line, f/p - goblin
Aim: a goblin The flame tongue hits the goblin.
The goblin is heavily wounded.
The goblin hits you.
There is a stone staircase leading down here.
Casting: Flame Tongue
Confirm with . or Enter, or press ? or * to list all spells.
Aiming: Flame Tongue
Press: ? - help, Shift-Dir - straight line, f/p - goblin
Aim: a goblin (heavily wounded)
The flame tongue misses the goblin.
The goblin hits you.
You die...

You could see a goblin.

Vanquished Creatures
  A giant gecko (D:1)
  A bat (D:1)
  A goblin (D:1)
  2 hobgoblins (D:1)
  A kobold (D:1)
  A giant newt (D:1)
  3 rats (D:1)
10 creatures vanquished.

Action                   || total
-------------------------++-------
Melee: Unarmed           ||     2
 Cast: Flame Tongue      ||    18

Vault maps used:
D:1:      scummos_arrival_simple_fountains
D:2:      kennysheep_generic_room_11
